 Dungeon Crawl Stone Soup version 0.22-a0-362-g535178c (webtiles) character file.

105 Amnesiac the Magician (level 4, -2/33 HPs)
             Began as a Mummy Wizard on Apr 21, 2018.
             Slain by an ogre
             ... wielding a +0 giant club
              (29 damage)
             ... on level 4 of the Dungeon.
             The game lasted 00:02:23 (1049 turns).

Amnesiac the Magician (Mummy Wizard)                Turns: 1049, Time: 00:02:24

Health: -2/33      AC:  2    Str: 10    XL:     4   Next: 54%
Magic:  2/10       EV: 13    Int: 18    God:
Gold:   53         SH:  0    Dex: 10    Spells: 0/11 levels left

rFire    x . .     SeeInvis .   d - +0 dagger
rCold    + . .     Gourm    .   (no shield)
rNeg     + + +     Faith    +   a - +0 robe
rPois    ∞         Spirit   .   b - +0 hat
rElec    .         Reflect  .   (no cloak)
rCorr    .         Harm     .   (no gloves)
MR       .....                  (no boots)
Stlth    ++........             g - amulet of faith
HPRegen  0.11/turn              (no ring)
MPRegen  0.12/turn              (no ring)

@: very slightly contaminated
A: no food or potions, fire vulnerability, cold resistance 1, negative energy
resistance 3, torment resistance, unbreathing
a: no special abilities


You were on level 4 of the Dungeon.
You were not hungry.

You visited 1 branch of the dungeon, and saw 5 of its levels.

You collected 53 gold pieces.

Inventory:

Hand Weapons
 d - a +0 dagger (weapon)
Missiles
 c - 13 sling bullets
Armour
 a - a +0 robe (worn)
 b - a +0 hat (worn)
Jewellery
 g - an amulet of faith (around neck)
Scrolls
 e - 2 scrolls of remove curse {!r, unknown}
 f - 2 scrolls of teleportation {!r, unknown}


   Skills:
 + Level 2.2 Fighting
 * Level 3.3 Dodging
 - Level 1.5 Stealth
 - Level 4.0 Spellcasting
 - Level 0.7 Conjurations
 - Level 0.7 Summonings
 - Level 0.7 Translocations


You couldn't memorise any spells.
You knew the following spells:

 Your Spells              Type           Power        Failure   Level  Hunger
a - Magic Dart            Conj           #...         11%         1    N/A
b - Call Imp              Summ           #.......     17%         2    N/A
e - Mephitic Cloud        Conj/Pois/Air  #.......     38%         3    N/A
s - Conjure Flame         Conj/Fire      #.......     36%         3    N/A
v - Blink                 Tloc           N/A          17%         2    N/A

Dungeon Overview and Level Annotations

Branches:
Dungeon (5/15)
 Temple: D:4-7

Altars:
Dithmenos


Innate Abilities, Weirdness & Mutations

You do not eat or drink.
Your flesh is vulnerable to fire.
You are immune to poison.
Your flesh is cold resistant. (rC+)
You are immune to negative energy. (rN+++)
You are immune to unholy pain and torment.
You can survive without breathing.


Message History

The worker ant is lightly wounded.
The worker ant bites you.
You hit the worker ant but do no damage.
The worker ant is lightly wounded.
The worker ant closely misses you.
You hit the worker ant but do no damage.
The worker ant is lightly wounded.
The worker ant seems less confused.
The worker ant barely misses you.
You closely miss the worker ant.
The worker ant is lightly wounded.
The worker ant bites you. The worker ant closely misses you.
You hit the worker ant but do no damage.
The worker ant is lightly wounded.
The worker ant closely misses you.
Casting: Mephitic Cloud (slightly dangerous; 38% risk of failure)
Confirm with . or Enter, or press ? or * to list all spells.
Aiming: Mephitic Cloud (slightly dangerous; 38% risk of failure)
Press: ? - help, Shift-Dir - straight line, f/p - worker ant
Aim: a worker ant (lightly wounded)
The ball explodes into a vile cloud!
The stinking cloud engulfs the worker ant.
The worker ant is lightly wounded.
The stinking cloud engulfs you!
You hear a shout!
The worker ant is engulfed in noxious fumes.
The worker ant appears confused.
The worker ant is engulfed in noxious fumes.
The worker ant appears confused.
The worker ant closely misses you.
The worker ant is engulfed in noxious fumes.
You hit the worker ant.
The worker ant is moderately wounded.
The worker ant is engulfed in noxious fumes.
The worker ant appears confused.
You hit the worker ant but do no damage.
The worker ant is moderately wounded.
The worker ant bites you.
You barely miss the worker ant.
The worker ant is moderately wounded.
The worker ant misses you.
You hit the worker ant but do no damage.
The worker ant is moderately wounded.
You hit the worker ant but do no damage.
The worker ant is moderately wounded.
An ogre comes into view. It is wielding a giant club.
Found an escape hatch in the ceiling.
You catch the helpless worker ant completely off-guard!
You hit the worker ant.
The worker ant is heavily wounded.
The worker ant bites you.
You hit the worker ant.
The worker ant is severely wounded.
The worker ant bites itself.
You hit the worker ant.
You kill the worker ant!
A dart slug comes into view.
You hit the dart slug.
The dart slug is moderately wounded.
The ogre barely misses you.
You hit the dart slug.
The dart slug is heavily wounded.
The dart slug barely misses you. The dart slug completely misses you.
The ogre hits you with a giant club!!
Ouch! That really hurt!
You die...

#......#.....%#.
###.#..#.######.
#>.....#.# #..
#.##.###.# #.#
#.##.# #.# #.#
#.##.# #.# #.#
#.##.# #.. #.#
###.##.##### #.#
#@w.....# #.#
#O#.##### #.[
#.#... ###
#.#.....
#.#.####.. #.#.#
# <.......#.#
##.######.#


You could see an ogre and a dart slug.

Vanquished Creatures
  A worker ant (D:4)
  2 adders
  2 bats (D:2)
  A giant cockroach (D:2)
  2 goblins (D:2)
  A quokka (D:2)
  2 frilled lizards
11 creatures vanquished.

Vanquished Creatures (collateral kills)
  A necrophage (D:5)
  A hound (D:4)
  A worm (D:4)
3 creatures vanquished.

Grand Total: 14 creatures vanquished

Notes
Turn   | Place    | Note
-------+----------+-------------------------------------------
     0 | D:1      | Amnesiac the Mummy Wizard began the quest for the Orb.
     0 | D:1      | Reached XP level 1. HP: 13/13 MP: 5/5
   183 | D:2      | Found a shadowy altar of Dithmenos.
   199 | D:2      | Reached XP level 2. HP: 20/20 MP: 1/7
   203 | D:2      | Learned a level 2 spell: Call Imp
   209 | D:2      | Learned a level 2 spell: Blink
   266 | D:3      | Reached skill level 1 in Fighting
   522 | D:5      | Entered Level 5 of the Dungeon
   684 | D:4      | Reached XP level 3. HP: 24/26 MP: 1/8
   689 | D:4      | Learned a level 3 spell: Mephitic Cloud
   846 | D:5      | Noticed a necrophage
   859 | D:5      | Killed a necrophage
   859 | D:5      | Reached XP level 4. HP: 21/33 MP: 0/10
  1009 | D:4      | Learned a level 3 spell: Conjure Flame
  1039 | D:4      | Noticed an ogre
  1049 | D:4      | Slain by an ogre

Vault maps used:
D:1:      wheals_arrival_shading, minivault_19
D:2:      cheibrodos_greedy_goblins, nicolae_dithmenos_shadow_blocks,
          guppyfry_early_orc_mine
D:3:      first_ration, minmay_hedge_maze, uniq_grinder

Skill      XL: |  1  2  3 |
---------------+----------+-----
Dodging        | 2 3 |  3.3
Fighting       | 1 2 |  2.2
Stealth        | |  1.5
Spellcasting   | |  4.0
Conjurations   | |  0.7
Summonings     | |  0.7
Translocations | |  0.7

Action                   |  1- 3 |  4- 6 || total
-------------------------+-------+-------++-------
Melee: Dagger            |     4 |    17 ||    21
 Cast: Magic Dart        |    27 |       ||    27
       Call Imp          |    10 |       ||    10
       Mephitic Cloud    |       |     2 ||     2
 Stab: Distracted        |     1 |       ||     1
       Confused          |       |     2 ||     2
Armor: Robe              |     2 |       ||     2
Dodge: Dodged            |    10 |    14 ||    24

Table legend:
 A = Spawn XP
 B = Non-spawn XP
 C = Spawn XP percentage of total XP
 D = Spawn monster count
 E = Non-spawn monster count
 F = Spawn count percentage of total count
 G = Total turns spent on level
                    A         B        C        D         E        F      G
               +---------+---------+-------+---------+---------+-------+---------
         Total |       0 |     151 |   0.0 |       0 |      14 |   0.0 |  1049
               +---------+---------+-------+---------+---------+-------+---------
           D:2 |       0 |      12 |   0.0 |       0 |       7 |   0.0 |   231
           D:3 |       0 |       9 |   0.0 |       0 |       2 |   0.0 |   161
           D:4 |       0 |      67 |   0.0 |       0 |       4 |   0.0 |   446
           D:5 |       0 |      63 |   0.0 |       0 |       1 |   0.0 |   188
               +---------+---------+-------+---------+---------+-------+---------
